 Dungeon Crawl Stone Soup version 0.30.0-19-g36f170ea60 (webtiles) character file.

Game seed: 5165419039129010253

112 jagang the Ducker (level 4, 0/26 HPs)
             Began as a Deep Elf Gladiator on June 1, 2023.
             Slain by Grinder (1 damage)
             ... on level 3 of the Dungeon.
             The game lasted 00:06:20 (1934 turns).

jagang the Ducker (Deep Elf Gladiator)              Turns: 1934, Time: 00:06:20

Health: 0/26       AC:  5    Str: 11    XL:     4   Next: 64%
Magic:  10/10      EV: 14    Int: 15    God:
Gold:   63         SH:  0    Dex: 16    Spells: 9/9 levels left

rFire   . . .        d - staff of earth
rCold   + . .        (no shield)
rNeg    + . .        o - +2 robe {rC+}
rPois   .            c - +0 helmet
rElec   .            (no cloak)
rCorr   .            (no gloves)
SInv    .            (no boots)
Will    .....        (no amulet)
Stlth   +            j - ring of positive energy
HPRegen 0.24/turn    (no ring)
MPRegen 0.12/turn

%: no passive effects
@: no status effects
A: no striking features
a: no special abilities


You were on level 3 of the Dungeon.
You visited 1 branch of the dungeon, and saw 3 of its levels.

You collected 63 gold pieces.

Inventory:

Hand Weapons
 a - a +0 quarterstaff
Armour
 c - a +0 helmet (worn)
 o - a +2 robe of cold resistance (worn)
Magical Staves
 d - a staff of earth (weapon)
Jewellery
 j - a ring of positive energy (left hand)
Scrolls
 b - a scroll of torment {unknown}
 g - a scroll of enchant weapon {unknown}
 m - a scroll of identify {unknown}
 n - a scroll of fog {unknown}
Potions
 f - 3 potions of curing
 h - 2 potions of haste {unknown}
 i - a potion of flight {unknown}
 k - 2 potions of degeneration {unknown}


   Skills:
 + Level 1.7 Fighting
 + Level 3.5 Staves
 - Level 2.0 Throwing
 + Level 1.2 Armour
 + Level 4.3 Dodging
 - Level 3.1 Spellcasting
 * Level 1.0 Evocations


You had 9 spell levels left.
You didn't know any spells.
Your spell library contained the following spells:

 Spells                   Type           Power      Damage    Failure   Level
 Ignite Poison            Fire/Tmut/Pois 2%         N/A       52%         3
 Sticky Flame             Conj/Fire      2%         2d3       89%         4
 Summon Ice Beast         Ice/Summ       2%         N/A       89%         4
 Summon Mana Viper        Hex/Summ       2%         N/A       99%         5
 Monstrous Menagerie      Summ           1%         N/A       100%        7
 Ignition                 Fire           1%         3d3       100%        8


Dungeon Overview and Level Annotations

Branches:
Dungeon (3/15)

Altars:

Annotations:
D:3 Grinder


Message History

You hit Grinder but do no damage.
Grinder is lightly wounded.
Grinder says, "Don't move a muscle."
Grinder hits you.
* * * LOW HITPOINT WARNING * * *
You hit Grinder but do no damage.
Grinder is lightly wounded.
Grinder misses you.
Okay, then.
You hit Grinder.
Grinder is moderately wounded.
Grinder hits you but does no damage.
You hit Grinder.
Grinder is moderately wounded.
Grinder gestures at you. You resist with significant effort.
You hit Grinder.
Grinder is moderately wounded.
Grinder misses you.
You barely miss Grinder.
Grinder is moderately wounded.
Grinder says, "Just stop there for a second..."
Grinder blinks!
Grinder hits you but does no damage.
You hit Grinder.
Grinder is moderately wounded.
Grinder barely misses you.
You closely miss Grinder.
Grinder is moderately wounded.
Grinder blinks!
Grinder gestures at you.
You suddenly lose the ability to move!
You can move again.
Unknown command.
You start resting.
Grinder is nearby!
Grinder hits you.
* * * LOW HITPOINT WARNING * * *
You writhe in agony.
You die...

# #.# .## #.# #..
#.# #.# #># #.# #.#
#.# #.# #.# #####.#
#.#@##########......
#(..5..........###.#
##########.##### #.#
#.# #.# #.#### #.#
#....# #†# ####.#
#.# #.# #.# #†# #..


You could see Grinder.

Vanquished Creatures
  Jessica (D:2)
  Terence (D:2)
  A worm (D:3)
  A dart slug (D:2)
  3 endoplasms
  A giant cockroach (D:2)
  6 goblins
  8 hobgoblins
  3 jackals (D:2)
  7 quokkas
  5 ball pythons
  6 bats
  4 frilled lizards
  3 kobolds
  2 rats
52 creatures vanquished.

Notes
Turn   | Place    | Note
-------+----------+-------------------------------------------
     0 | D:1      | jagang the Deep Elf Gladiator began the quest for the Orb.
     0 | D:1      | Reached XP level 1. HP: 12/12 MP: 3/3
   227 | D:1      | Reached skill level 1 in Spellcasting
   349 | D:1      | Reached XP level 2. HP: 16/16 MP: 5/5
   415 | D:1      | Found a faded altar of an unknown god.
   700 | D:2      | Noticed Jessica
   704 | D:2      | Killed Jessica
   705 | D:2      | Reached skill level 4 in Dodging
   705 | D:2      | Reached XP level 3. HP: 20/20 MP: 6/8
   756 | D:2      | Reached skill level 1 in Armour
   780 | D:2      | Noticed Terence
   869 | D:2      | Killed Terence
   870 | D:2      | Reached XP level 4. HP: 17/25 MP: 10/10
  1856 | D:3      | Reached skill level 1 in Evocations
  1903 | D:3      | Noticed Grinder
  1911 | D:3      | Paralysed by Grinder for 3 turns
  1926 | D:3      | Paralysed by Grinder for 3 turns
  1934 | D:3      | HP: 1/26 [Grinder (6)]
  1934 | D:3      | Slain by Grinder

Illustrated notes

Levels and vault maps discovered:
D:1:      dpeg_arrival_solitude, layout_loops_ring, basic_ecumenical_altar
D:2:      layout_basic, uniq_terence, uniq_jessica
D:3:      layout_loops_ring, uniq_grinder

Skill      XL: |  1  2  3  4 |
---------------+-------------+-----
Spellcasting   | 1 2 3 |  3.1
Dodging        | 4 |  4.3
Armour         | 1 |  1.2
Evocations     | 1 |  1.0
Fighting       | |  1.7
Staves         | |  3.5
Throwing       | |  2.0

Action                     |  1- 3 |  4- 6 || total
---------------------------+-------+-------++-------
  Melee: Quarterstaff      |   109 |     3 ||   112
         Staff             |       |   152 ||   152
  Throw: Throwing net      |     3 |     1 ||     4
         Javelin           |     1 |     3 ||     4
    Use: Potion            |       |     1 ||     1
   Stab: Sleeping          |     3 |       ||     3
 Armour: Leather armour    |    30 |    21 ||    51
         Robe              |       |    20 ||    20
  Dodge: Dodged            |    84 |   117 ||   201
